 Dungeon Crawl Stone Soup version 0.29-a0-911-g88e6f02907 (webtiles) character file.

Game seed: 12618059216609183937

1515 gelatine the Chopper (level 8, 0/61 HPs)
             Began as a Demonspawn Gladiator on July 26, 2022.
             Was a Priest of Nemelex Xobeh.
             Slain by a two-headed ogre
             ... wielding a +0 giant spiked club
              (12 damage)
             ... on level 6 of the Dungeon.
             The game lasted 00:18:08 (5416 turns).

gelatine the Chopper (Demonspawn Gladiator)         Turns: 5416, Time: 00:18:10

Health: 0/61       AC: 13    Str: 15    XL:     8   Next: 53%
Magic:  0/8        EV: 14    Int: 11    God:    Nemelex Xobeh [***...]
Gold:   285        SH:  0    Dex: 15    Spells: 6/7 levels left

rFire   . . .      SeeInvis .   a - +1 war axe
rCold   . . .      Faith    .   (no shield)
rNeg    . . .      Spirit   +   o - +1 ring mail {Will+}
rPois   .          Reflect  .   c - +0 helmet
rElec   .          Harm     .   B - +0 cloak
rCorr   .          Rampage  .   t - +0 pair of gloves
Will    +....                   k - +2 pair of boots
Stlth   ++........              p - amulet of guardian spirit
HPRegen 0.20/turn               (no ring)
MPRegen 0.11/turn               (no ring)

@: no status effects
A: repulsion field 1, demonic guardian 1, foul stench 3
a: Renounce Religion, Draw Escape, Draw Destruction, Draw Summoning, Triple Draw


You were on level 6 of the Dungeon.
You worshipped Nemelex Xobeh.
Nemelex Xobeh was most pleased with you.
You visited 1 branch of the dungeon, and saw 6 of its levels.

You collected 285 gold pieces.

Inventory:

Hand Weapons
 a - a +1 war axe (weapon)
Missiles
 d - 2 throwing nets (quivered)
 e - 7 javelins
Armour
 c - a +0 helmet (worn)
 i - a +0 robe of cold resistance
 k - a +2 pair of boots (worn)
 o - a +1 ring mail of willpower (worn)
 t - a +0 pair of gloves (worn)
 B - a +0 cloak (worn)
Magical Staves
 v - a staff of poison
Jewellery
 p - an amulet of guardian spirit (around neck)
Wands
 b - a wand of digging (8)
 q - a wand of iceblast (11)
 y - a wand of charming (11)
 A - a wand of polymorph (8)
Scrolls
 g - 4 scrolls of teleportation {unknown}
 n - a scroll of fear
 r - a scroll of identify
 w - a scroll of enchant armour {unknown}
Potions
 f - 2 potions of curing {unknown}
 h - 2 potions of degeneration {unknown}
 j - 2 potions of heal wounds {unknown}
 l - a potion of haste {unknown}
 m - 2 potions of flight {unknown}
 s - 4 potions of ambrosia {unknown}
 u - a potion of attraction
 x - a potion of brilliance
 z - a potion of resistance


   Skills:
 + Level 4.6 Fighting
 + Level 7.1 Axes
 + Level 2.0 Throwing
 + Level 3.6 Armour
 + Level 4.2 Dodging
 + Level 3.1 Stealth


You had 6 spell levels left.
You knew the following spells:

 Your Spells              Type           Power      Damage    Failure   Level
a - Slow                  Hex            0%         N/A       56%         1

Your spell library contained the following spells:

 Spells                   Type           Power      Damage    Failure   Level
 Sting                    Tmut/Pois      0%         1d3       56%         1
 Poisonous Vapours        Pois/Air       0%         N/A       71%         2
 Confusing Touch          Hex            0%         N/A       90%         3
 Vampiric Draining        Necr           0%         2d6       90%         3
 Olgreb's Toxic Radiance  Pois           0%         N/A       100%        4
 Yara's Violent Unravell  Hex/Tmut       0%         3d3       100%        5
 Enfeeble                 Hex            0%         N/A       100%        7


Dungeon Overview and Level Annotations

Branches:
Dungeon (6/15)
 Temple: D:4-7

Altars:
Fedhas
Hepliaklqana
Makhleb
Nemelex Xobeh
Ru
Uskayaw
Vehumet
Wu Jian
Xom

Shops:
D:5 [


Innate Abilities, Weirdness & Mutations

You are surrounded by a mild repulsion field. (EV +2)
A weak demonic guardian rushes to your aid.
You frequently emit foul miasma when damaged in melee.


Message History

Your Throwing skill increases to level 2!
Found a cloak.
You see here a +0 cloak.
A jelly comes into view.
The jelly quivers.
You see here a +0 cloak.
B - a +0 cloak The jelly closely misses you.
You slash the jelly!
Your hands burn!
The jelly is severely wounded.
The jelly misses you.
You hit the jelly.
Your hands burn!
The jelly is almost dead.
The jelly misses you.
You slash the jelly!
You kill the jelly!
You start putting on your armour.
You continue putting on your +0 cloak. x4
You finish putting on your +0 cloak.
Done exploring.
There is a stone staircase leading down here.
You climb downwards.
Found a ring mail.
There is a stone staircase leading up here.
A two-headed ogre comes into view.
It is wielding a +0 giant spiked club and a +0 giant club.
A phantom comes into view.
You see here a metallic clear potion.
You slash the two-headed ogre!
The two-headed ogre is lightly wounded.
The two-headed ogre hits you with a +0 giant spiked club!!
A demonic guardian appears!
The two-headed ogre hits you with a +0 giant club!!
You slash the two-headed ogre!
The two-headed ogre is heavily wounded.
You hit the two-headed ogre.
The two-headed ogre is heavily wounded.
The two-headed ogre hits you with a +0 giant spiked club!!
* * * LOW HITPOINT WARNING * * *
The two-headed ogre hits you with a +0 giant club!
You die...
Your body glows with a rainbow of weird colours and disappears.

...#..##.#
...#..##.#
#+#..#..##.#
##.#..#[.##.#
#.....#....<#
#..#.###.##.#
#...W.......#
#.##!###.##.#
#@# #.##.#
#O# #.####
#5# #.. #.#
### #.. ###


You could see a two-headed ogre (ally target), a phantom and a friendly iron imp
(summoned).

Vanquished Creatures
  Sigmund (D:5)
  Edmund (D:5)
  A black bear (D:5)
  A crimson imp (D:3)
  3 hounds
  A jelly (D:5)
  Ijyb (D:3)
  3 iguanas
  2 orc wizards
  4 gnolls
  5 adders
  A white imp (D:5)
  3 worms
  2 dart slugs
  8 orcs
  9 ball pythons
  7 endoplasms
  3 giant cockroaches
  7 goblins
  7 hobgoblins
  5 jackals
  4 kobolds
  4 quokkas
  3 bats
  9 frilled lizards
  2 goblin skeletons (D:3)
  A goblin zombie (D:3)
  A hobgoblin zombie (D:3)
  2 kobold skeletons (D:3)
  2 kobold zombies (D:3)
  An orc skeleton (D:3)
  5 rats
109 creatures vanquished.

Vanquished Creatures (collateral kills)
  Pikel (D:5)
  Menkaure (D:5)
  2 lemures (D:5)
  An iguana (D:5)
  An adder (D:5)
  A gnoll (D:4)
  2 hobgoblins (D:1)
  A jackal (D:5)
  A kobold (D:1)
11 creatures vanquished.

Vanquished Creatures (others)
  3 plants
3 creatures vanquished.

Grand Total: 123 creatures vanquished

Notes
Turn   | Place    | Note
-------+----------+-------------------------------------------
     0 | D:1      | gelatine the Demonspawn Gladiator began the quest for the
                  | Orb.
     0 | D:1      | Reached XP level 1. HP: 16/16 MP: 1/1
   148 | D:1      | Reached skill level 3 in Axes
   265 | D:1      | Gained mutation: A weak demonic guardian rushes to your
                  | aid. [demonic ancestry]
   265 | D:1      | Reached XP level 2. HP: 22/22 MP: 2/2
   888 | D:1      | Gained mutation: You may rarely emit foul miasma when
                  | damaged in melee. [demonic ancestry]
   888 | D:1      | Reached XP level 3. HP: 25/27 MP: 3/3
  1642 | D:2      | Reached skill level 1 in Armour
  1953 | D:2      | Found a faded altar of an unknown god.
  1961 | D:2      | Gained mutation: You sometimes emit foul miasma when
                  | damaged in melee. [demonic ancestry]
  1961 | D:2      | Reached XP level 4. HP: 34/34 MP: 4/4
  1967 | D:2      | Prayed at the altar of an unknown god.
  1967 | D:2      | Became a worshipper of Nemelex Xobeh the Trickster
  1967 | D:2      | Reached * piety under Nemelex Xobeh
  1967 | D:2      | Received a gift from Nemelex Xobeh
  2346 | D:3      | Found a sacrificial altar of Ru.
  2384 | D:3      | Noticed Ijyb
  2400 | D:3      | Killed Ijyb
  2401 | D:3      | Reached skill level 1 in Stealth
  2894 | D:3      | Reached XP level 5. HP: 21/39 MP: 5/5
  2896 | D:3      | Reached skill level 4 in Axes
  3385 | D:4      | Gained mutation: You frequently emit foul miasma when
                  | damaged in melee. [demonic ancestry]
  3385 | D:4      | Reached XP level 6. HP: 12/47 MP: 2/6
  3400 | D:4      | Reached ** piety under Nemelex Xobeh
  3743 | D:4      | Received a gift from Nemelex Xobeh
  4140 | D:4      | Found a hazy altar of Hepliaklqana.
  4460 | D:5      | Entered Level 5 of the Dungeon
  4460 | D:5      | Noticed a +0 falchion
  4460 | D:5      | Noticed a +0 falchion
  4460 | D:5      | Noticed a +0 spear
  4460 | D:5      | Noticed a +0 short sword
  4460 | D:5      | Noticed a +0 short sword
  4460 | D:5      | Noticed a +0 spear
  4460 | D:5      | Noticed Menkaure
  4461 | D:5      | Found a hide-covered altar of Uskayaw.
  4461 | D:5      | Noticed a +0 dagger
  4461 | D:5      | Noticed a +0 dagger
  4462 | D:5      | Noticed Pikel
  4464 | D:5      | Killed Menkaure
  4465 | D:5      | Reached skill level 5 in Axes
  4474 | D:5      | Killed Pikel
  4475 | D:5      | Reached skill level 6 in Axes
  4475 | D:5      | Reached XP level 7. HP: 54/54 MP: 7/7
  4515 | D:5      | Gained mutation: You are surrounded by a mild repulsion
                  | field. (EV +2) [demonic ancestry]
  4515 | D:5      | Reached XP level 8. HP: 52/60 MP: 6/8
  4586 | D:5      | Noticed Edmund
  4595 | D:5      | Killed Edmund
  4712 | D:5      | Found Zypryton's Armour Shoppe.
  4724 | D:5      | Learned a level 1 spell: Slow
  4738 | D:5      | Found an ornate altar of the Wu Jian Council.
  4760 | D:5      | Reached *** piety under Nemelex Xobeh
  4760 | D:5      | Received a gift from Nemelex Xobeh
  4760 | D:5      | Found a burning altar of Makhleb.
  4883 | D:5      | Found a shimmering altar of Xom.
  4936 | D:5      | Found a radiant altar of Vehumet.
  5066 | D:5      | Found a blossoming altar of Fedhas.
  5066 | D:5      | Noticed Sigmund
  5107 | D:5      | Killed Sigmund
  5215 | D:5      | Reached skill level 7 in Axes
  5411 | D:6      | Noticed a two-headed ogre
  5416 | D:6      | Slain by a two-headed ogre

Illustrated notes

Levels and vault maps discovered:
D:1:      dpeg_arrival_prison, layout_basic
D:2:      cheibrodos_helix_gallery, layout_loops_cross,
          nicolae_ecumenical_snake_handling, hangedman_abyss_or_decor_stabs
D:3:      layout_loops_ring, nicolae_ru_awakened_eye,
          nicolae_tso_besieged_by_evil, cheibrodos_gnoll_hut, uniq_ijyb
D:4:      nicolae_cairo_tiling_large_dashed, layout_basic,
          nicolae_hepliaklqana_hazy_memory
D:5:      layout_loops_ring, amcnicky_altar_gilded, nicolae_uskayaw_en_pointe,
          gammafunk_temple_overflow_forgotten, mainiacjoe_overflow_big_doors,
          serial_shops, shop, uniq_sigmund, uniq_edmund, uniq_menkaure,
          uniq_pikel
D:6:      layout_basic

Skill      XL: |  1  2  3  4  5  6  7  8 |
---------------+-------------------------+-----
Axes           | 3 4 6 7 |  7.1
Dodging        | 3 4 |  4.2
Armour         | 1 2 3 |  3.6
Stealth        | 1 2 3 |  3.1
Fighting       | 3 4 |  4.6
Throwing       | 2 |  2.0

Action                   |  1- 3 |  4- 6 |  7- 9 || total
-------------------------+-------+-------+-------++-------
Melee: War axe           |   104 |   164 |    60 ||   328
       Punch             |     1 |     3 |     1 ||     5
Throw: Throwing net      |     3 |       |     3 ||     6
       Javelin           |       |       |     4 ||     4
Invok: Draw Destruction  |       |     2 |       ||     2
       Draw Summoning    |       |     1 |       ||     1
  Use: Scroll            |       |     5 |     3 ||     8
 Stab: Sleeping          |     5 |     1 |       ||     6
       Distracted        |       |     1 |       ||     1
       Held in net/web   |       |       |     1 ||     1
Armor: Leather armour    |    46 |    66 |       ||   112
       Ring mail         |       |    15 |    29 ||    44
Dodge: Dodged            |    78 |   125 |    54 ||   257

Table legend: (Time is in decaauts)
 A = Elapsed time spent in this place.
 B = Non-inter-level travel time spent in this place.
 C = Inter-level travel time spent in this place.
 D = Time resting spent in this place.
 E = Time spent auto-exploring this place.
 F = Levels seen in this place.
 G = Mean time per level.
                   A        B        C        D        E       F      G
               +--------+--------+--------+--------+--------+-----+--------+
         Total |   5509 |   5345 |    164 |    186 |   4045 |   6 |  918.2 |
       Dungeon |   5509 |   5345 |    164 |    186 |   4045 |   6 |  918.2 |
               +--------+--------+--------+--------+--------+-----+--------+

Top non-repeatable levels by time:
     D:1: 1286 daAuts
     D:4: 1108 daAuts
     D:2: 1087 daAuts
     D:3: 1060 daAuts
     D:5: 954 daAuts
     D:6: 12 daAuts
